[ PARTIDA AOE2 · #508464373 ]
UnrankedPolacos vs Franks
Equipo del jugador · DERR
Equipo rival · VICT
[ ANÁLISIS DE REPETICIÓN · EXTRAÍDO DE LA PARTIDA GRABADA ]
Feudal
9:17
Castillos
18:34
Imperial
—
| APM promedio | 55.8 |
| APM pico | 91 |
| eAPM promedio | 26.0 |
| Aldeanos / militares | 48 / 23 |
Foco
⚔️ 53.5% · 🌾 46.5%
Obuch ×12 · Spearman ×5 · Battering Ram ×4 · Scorpion ×2
Feudal
9:15
Castillos
18:42
Imperial
—
| APM promedio | 97.3 |
| APM pico | 176 |
| eAPM promedio | 51.6 |
| Aldeanos / militares | 78 / 8 |
Foco
⚔️ 60.8% · 🌾 39.2%
Unknown (2700) ×21 · Scout Cavalry ×4 · Monk ×2 · Mangonel ×1 · Spearman ×1
Mapa de la partida
Recursos iniciales + cada clic de construcción. Líneas = muros · curvas = relieve. ◆ oro · ⬟ piedra · ● bayas · ✦ reliquia · ◌ hueco del cierre
Tu base· ✓ Cerrada en 18:34 · 66t muro · sin puerta
Base de VIT | Hera· ✓ Cerrada en 18:42 · 36t muro · 1 puerta(s)
Terreno inicial suavizado · ◌ = hueco del cierre detectado · pasá el cursor para detalles
Inputs por minuto
— Mariann - - VIT | Hera
Build order — Mariann
139 acciones detectadas en el replay
| 0:00 | Encolar | Villager (Male) |
| 0:01 | Construir | House |
| 0:02 | Construir | House |
| 0:12 | Encolar | Villager (Male) |
| 0:13 | Encolar | Villager (Male) |
| 0:23 | Encolar | Villager (Male) |
| 1:36 | Encolar | Villager (Male) |
| 1:55 | Encolar | Villager (Male) |
| 2:09 | Construir | Lumber Camp |
| 2:18 | Encolar | Villager (Male) |
| 2:48 | Encolar | Villager (Male) |
| 2:51 | Encolar | Villager (Male) |
| 3:37 | Encolar | Villager (Male) |
| 3:39 | Encolar | Villager (Male) |
| 3:39 | Encolar | Villager (Male) |
| 3:56 | Construir | Mill |
| 4:03 | Encolar | Villager (Male) |
| 4:32 | Encolar | Villager (Male) |
| 4:32 | Encolar | Villager (Male) |
| 5:31 | Construir | Mill |
| 5:38 | Encolar | Villager (Male) |
| 6:13 | Encolar | Villager (Male) |
| 6:23 | Investigar | Loom |
| 7:03 | Investigar | Feudal Age |
| 7:37 | Construir | Barracks |
| 8:18 | Encolar | Villager (Male) |
| 9:15 | Construir | House |
| 9:15 | Construir | House |
| 9:17 | Edad | Edad Feudal |
| 9:19 | Encolar | Spearman |
| 9:22 | Investigar | Double-Bit Axe |
| 9:23 | Investigar | Horse Collar |
| 9:37 | Encolar | Villager (Male) |
| 9:50 | Construir | Palisade Wall |
| 10:00 | Encolar | Villager (Male) |
| 10:09 | Construir | Palisade Wall |
| 10:10 | Construir | Palisade Wall |
| 10:25 | Construir | Palisade Wall |
| 10:26 | Encolar | Villager (Male) |
| 10:27 | Encolar | Spearman |
| 10:47 | Construir | Palisade Wall |
| 10:48 | Construir | Palisade Wall |
| 10:56 | Encolar | Villager (Male) |
| 11:07 | Construir | Palisade Wall |
| 11:15 | Construir | Palisade Wall |
| 11:16 | Encolar | Villager (Male) |
| 11:27 | Construir | Palisade Wall |
| 11:29 | Construir | Palisade Wall |
| 11:30 | Construir | Palisade Wall |
| 11:41 | Encolar | Villager (Male) |
| 11:49 | Construir | Palisade Wall |
| 11:57 | Construir | House |
| 12:07 | Encolar | Spearman |
| 12:23 | Encolar | Villager (Male) |
| 12:42 | Encolar | Villager (Male) |
| 12:47 | Construir | Mill |
| 12:48 | Construir | Farm |
| 12:48 | Construir | Farm |
| 12:48 | Construir | Farm |
| 12:48 | Construir | Farm |
| 12:48 | Construir | Farm |
| 12:49 | Construir | Farm |
| 12:49 | Construir | Farm |
| 12:54 | Encolar | Villager (Male) |
| 13:01 | Encolar | Villager (Male) |
| 13:18 | Construir | Farm |
| 13:30 | Construir | Farm |
| 13:41 | Construir | Mining Camp |
| 13:52 | Construir | Palisade Wall |
| 13:53 | Construir | Palisade Wall |
| 13:57 | Encolar | Villager (Male) |
| 14:04 | Construir | Farm |
| 14:17 | Encolar | Villager (Male) |
| 14:39 | Encolar | Villager (Male) |
| 14:45 | Construir | Market |
| 14:49 | Construir | House |
| 15:12 | Encolar | Villager (Male) |
| 15:14 | Construir | Blacksmith |
| 15:54 | Investigar | Castle Age |
| 15:58 | Construir | Farm |
| 16:15 | Encolar | Spearman |
| 16:15 | Encolar | Spearman |
| 17:06 | Encolar | Villager (Male) |
| 17:42 | Construir | Palisade Wall |
| 17:42 | Construir | Palisade Wall |
| 17:43 | Construir | Palisade Wall |
| 17:44 | Construir | Palisade Wall |
| 17:44 | Construir | Palisade Wall |
| 18:22 | Investigar | Scale Mail Armor |
| 18:23 | Encolar | Villager (Male) |
| 18:34 | Edad | Edad de los Castillos |
| 18:37 | Construir | Castle |
| 18:46 | Investigar | Bow Saw |
| 18:48 | Investigar | Heavy Plow |
| 19:12 | Construir | Siege Workshop |
| 19:18 | Encolar | Villager (Male) |
| 19:23 | Encolar | Obuch |
| 19:23 | Encolar | Obuch |
| 19:34 | Encolar | Villager (Male) |
| 20:11 | Construir | Mining Camp |
| 20:17 | Encolar | Villager (Male) |
| 20:28 | Encolar | Obuch |
| 20:28 | Encolar | Obuch |
| 20:29 | Encolar | Villager (Male) |
| 20:52 | Encolar | Villager (Male) |
| 21:01 | Encolar | Villager (Male) |
| 21:08 | Encolar | Battering Ram |
| 21:17 | Construir | Palisade Wall |
| 21:25 | Encolar | Obuch |
| 21:25 | Encolar | Obuch |
| 21:35 | Construir | House |
| 21:39 | Construir | Stone Wall |
| 21:43 | Encolar | Villager (Male) |
| 21:44 | Encolar | Obuch |
| 22:01 | Construir | Farm |
| 22:05 | Encolar | Obuch |
| 22:05 | Encolar | Obuch |
| 22:12 | Construir | Stone Wall |
| 22:13 | Encolar | Villager (Male) |
| 22:30 | Encolar | Villager (Male) |
| 22:31 | Encolar | Battering Ram |
| 22:32 | Encolar | Obuch |
| 22:35 | Investigar | Chain Mail Armor |
| 22:47 | Construir | Stone Wall |
| 23:03 | Encolar | Villager (Male) |
| 23:08 | Encolar | Battering Ram |
| 23:14 | Construir | Siege Workshop |
| 23:21 | Construir | Siege Workshop |
| 23:26 | Encolar | Villager (Male) |
| 23:36 | Encolar | Obuch |
| 23:38 | Encolar | Battering Ram |
| 23:53 | Encolar | Villager (Male) |
| 23:54 | Encolar | Scorpion |
| 24:00 | Construir | Stone Wall |
| 24:24 | Encolar | Villager (Male) |
| 24:28 | Encolar | Scorpion |
| 24:39 | Construir | Mining Camp |
| 25:02 | Encolar | Obuch |
| 25:03 | Encolar | Villager (Male) |
Build order — VIT | Hera
Primeras 150 de 197 acciones detectadas
| 0:00 | Encolar | Villager (Male) |
| 0:00 | Encolar | Villager (Male) |
| 0:01 | Construir | House |
| 0:02 | Construir | House |
| 0:04 | Encolar | Villager (Male) |
| 0:05 | Encolar | Villager (Male) |
| 1:24 | Encolar | Villager (Male) |
| 1:24 | Encolar | Villager (Male) |
| 1:33 | Construir | House |
| 1:34 | Construir | Mill |
| 1:57 | Encolar | Villager (Male) |
| 1:57 | Encolar | Villager (Male) |
| 2:20 | Encolar | Villager (Male) |
| 2:45 | Encolar | Villager (Male) |
| 3:11 | Encolar | Villager (Male) |
| 3:12 | Encolar | Villager (Male) |
| 3:14 | Encolar | Villager (Male) |
| 3:14 | Encolar | Villager (Male) |
| 3:58 | Encolar | Villager (Male) |
| 3:58 | Encolar | Villager (Male) |
| 3:59 | Encolar | Villager (Male) |
| 4:15 | Encolar | Villager (Male) |
| 5:13 | Encolar | Villager (Male) |
| 5:13 | Encolar | Villager (Male) |
| 5:13 | Encolar | Villager (Male) |
| 5:13 | Encolar | Villager (Male) |
| 5:14 | Encolar | Villager (Male) |
| 5:19 | Construir | Lumber Camp |
| 6:39 | Investigar | Loom |
| 6:59 | Investigar | Feudal Age |
| 7:00 | Investigar | Feudal Age |
| 7:53 | Construir | House |
| 7:55 | Construir | Palisade Wall |
| 7:58 | Encolar | Villager (Male) |
| 8:01 | Construir | Barracks |
| 9:02 | Construir | House |
| 9:03 | Construir | Palisade Wall |
| 9:04 | Construir | Palisade Wall |
| 9:15 | Edad | Edad Feudal |
| 9:19 | Construir | Stable |
| 9:21 | Encolar | Spearman |
| 9:24 | Investigar | Double-Bit Axe |
| 9:24 | Investigar | Double-Bit Axe |
| 9:36 | Encolar | Villager (Male) |
| 9:59 | Encolar | Scout Cavalry |
| 10:00 | Encolar | Scout Cavalry |
| 10:04 | Encolar | Villager (Male) |
| 10:05 | Construir | Mill |
| 10:11 | Construir | Palisade Wall |
| 10:12 | Construir | Palisade Gate |
| 10:14 | Construir | Palisade Wall |
| 10:25 | Encolar | Villager (Male) |
| 10:26 | Construir | Farm |
| 10:38 | Encolar | Villager (Male) |
| 10:44 | Construir | House |
| 10:51 | Construir | Farm |
| 10:56 | Encolar | Villager (Male) |
| 10:57 | Construir | Farm |
| 10:59 | Encolar | Scout Cavalry |
| 11:15 | Construir | House |
| 11:16 | Construir | Palisade Wall |
| 11:22 | Construir | Farm |
| 11:33 | Encolar | Scout Cavalry |
| 11:36 | Encolar | Villager (Male) |
| 11:36 | Encolar | Villager (Male) |
| 11:47 | Encolar | Villager (Male) |
| 12:16 | Encolar | Villager (Male) |
| 12:19 | Encolar | Villager (Male) |
| 12:30 | Construir | Farm |
| 12:30 | Construir | Farm |
| 12:41 | Construir | Farm |
| 12:42 | Construir | Farm |
| 12:43 | Construir | Farm |
| 12:44 | Construir | Farm |
| 12:48 | Construir | Farm |
| 13:03 | Construir | Farm |
| 13:13 | Encolar | Villager (Male) |
| 13:32 | Encolar | Villager (Male) |
| 13:38 | Construir | Mining Camp |
| 13:51 | Encolar | Villager (Male) |
| 14:10 | Construir | Farm |
| 14:21 | Investigar | Wheelbarrow |
| 14:41 | Encolar | Villager (Male) |
| 15:00 | Construir | Archery Range |
| 15:04 | Encolar | Villager (Male) |
| 15:08 | Construir | Archery Range |
| 15:24 | Encolar | Villager (Male) |
| 15:29 | Construir | Lumber Camp |
| 16:02 | Investigar | Castle Age |
| 16:03 | Investigar | Castle Age |
| 16:19 | Construir | Blacksmith |
| 16:23 | Investigar | Gold Mining |
| 16:23 | Investigar | Gold Mining |
| 17:03 | Construir | Archery Range |
| 17:30 | Investigar | Fletching |
| 17:30 | Investigar | Fletching |
| 18:21 | Encolar | Villager (Male) |
| 18:28 | Construir | House |
| 18:42 | Edad | Edad de los Castillos |
| 18:43 | Construir | Town Center |
| 18:44 | Encolar | Unit 2700 |
| 18:45 | Encolar | Unit 2700 |
| 18:50 | Investigar | Bodkin Arrow |
| 18:50 | Investigar | Bodkin Arrow |
| 18:50 | Investigar | Bow Saw |
| 18:51 | Investigar | Bow Saw |
| 18:55 | Construir | Monastery |
| 18:57 | Encolar | Villager (Male) |
| 19:14 | Encolar | Unit 2700 |
| 19:15 | Encolar | Unit 2700 |
| 19:35 | Encolar | Villager (Male) |
| 19:37 | Encolar | Monk |
| 19:53 | Encolar | Villager (Male) |
| 20:00 | Encolar | Unit 2700 |
| 20:00 | Encolar | Unit 2700 |
| 20:04 | Encolar | Villager (Male) |
| 20:05 | Encolar | Villager (Male) |
| 20:06 | Construir | Farm |
| 20:07 | Construir | Farm |
| 20:09 | Encolar | Villager (Male) |
| 20:10 | Construir | House |
| 20:11 | Construir | House |
| 20:12 | Construir | House |
| 20:18 | Construir | Farm |
| 20:20 | Construir | Farm |
| 20:23 | Encolar | Monk |
| 20:38 | Investigar | Husbandry |
| 20:39 | Investigar | Husbandry |
| 20:45 | Encolar | Unit 2700 |
| 20:45 | Encolar | Unit 2700 |
| 21:06 | Encolar | Villager (Male) |
| 21:10 | Encolar | Villager (Male) |
| 21:11 | Encolar | Villager (Male) |
| 21:17 | Construir | Farm |
| 21:21 | Encolar | Unit 2700 |
| 21:21 | Encolar | Unit 2700 |
| 21:24 | Encolar | Villager (Male) |
| 21:25 | Encolar | Villager (Male) |
| 21:36 | Encolar | Unit 2700 |
| 21:36 | Encolar | Unit 2700 |
| 21:44 | Encolar | Villager (Male) |
| 21:48 | Construir | Town Center |
| 21:53 | Encolar | Villager (Male) |
| 21:55 | Construir | Farm |
| 22:01 | Encolar | Villager (Male) |
| 22:01 | Encolar | Villager (Male) |
| 22:02 | Encolar | Unit 2700 |
| 22:02 | Encolar | Unit 2700 |
| 22:10 | Encolar | Villager (Male) |
| 22:16 | Encolar | Unit 2700 |
Cronología de la partida
| 7:37 | Mariann · first_building Barracks |
| 7:55 | VIT | Hera · wall_segment Palisade Wall x12 |
| 8:01 | VIT | Hera · first_building Barracks |
| 9:03 | VIT | Hera · wall_segment Palisade Wall x3 |
| 9:04 | VIT | Hera · wall_segment Palisade Wall x6 |
| 9:15 | VIT | Hera · age_up feudal |
| 9:17 | Mariann · age_up feudal |
| 9:19 | VIT | Hera · first_building Stable |
| 9:50 | Mariann · wall_segment Palisade Wall x7 |
| 10:09 | Mariann · wall_segment Palisade Wall x1 |
| 10:10 | Mariann · wall_segment Palisade Wall x1 |
| 10:11 | VIT | Hera · wall_segment Palisade Wall x1 |
| 10:14 | VIT | Hera · wall_segment Palisade Wall x3 |
| 10:25 | Mariann · wall_segment Palisade Wall x6 |
| 10:47 | Mariann · wall_segment Palisade Wall x9 |
| 10:48 | Mariann · wall_segment Palisade Wall x1 |
| 11:07 | Mariann · wall_segment Palisade Wall x1 |
| 11:15 | Mariann · wall_segment Palisade Wall x6 |
| 11:16 | VIT | Hera · wall_segment Palisade Wall x12 |
| 11:27 | Mariann · wall_segment Palisade Wall x3 |
| 11:29 | Mariann · wall_segment Palisade Wall x3 |
| 11:30 | Mariann · wall_segment Palisade Wall x3 |
| 11:49 | Mariann · wall_segment Palisade Wall x20 |
| 13:52 | Mariann · wall_segment Palisade Wall x1 |
| 13:53 | Mariann · wall_segment Palisade Wall x1 |
| 15:00 | VIT | Hera · first_building Archery Range |
| 15:52 | Mariann · first_market_sell 100 stone |
| 17:42 | Mariann · wall_segment Palisade Wall x1 |
| 17:42 | Mariann · wall_segment Palisade Wall x1 |
| 17:43 | Mariann · wall_segment Palisade Wall x1 |
| 17:44 | Mariann · wall_segment Palisade Wall x1 |
| 17:44 | Mariann · wall_segment Palisade Wall x1 |
| 18:29 | Mariann · first_market_buy 100 stone |
| 18:34 | Mariann · age_up castle |
| 18:37 | Mariann · first_building Castle |
| 18:42 | VIT | Hera · age_up castle |
| 18:55 | VIT | Hera · first_building Monastery |
| 19:12 | Mariann · first_building Siege Workshop |
| 21:17 | Mariann · wall_segment Palisade Wall x1 |
| 21:39 | Mariann · wall_segment Stone Wall x1 |
| 22:12 | Mariann · wall_segment Stone Wall x8 |
| 22:47 | Mariann · wall_segment Stone Wall x1 |
| 23:07 | VIT | Hera · first_building Siege Workshop |
| 24:00 | Mariann · wall_segment Stone Wall x3 |
| 25:32 | Mariann · resign |
[ ANÁLISIS IA · 1 CRÉDITO ]
¿Qué pasó realmente en esta partida?
Wolo.gg analiza cada decisión: build order, eco, micro, errores típicos por bracket. Análisis personalizado por WhatsApp o Discord en 30 segundos.
Guía civ
Polacos
Perfil
Mariann